 Dungeon Crawl Stone Soup version 0.29.1-1-gd02db6906a (webtiles) character file.

Game seed: 3629616971118763089

161 KamiKatze the Conjurer (level 5, -6/28 HPs)
             Began as a Deep Elf Conjurer on Oct 22, 2022.
             Mangled by an orc
             ... wielding a +0 flail
              (8 damage)
             ... on level 4 of the Dungeon.
             The game lasted 00:07:25 (2223 turns).

KamiKatze the Conjurer (Deep Elf Conjurer)          Turns: 2223, Time: 00:07:26

Health: -6/28      AC:  2    Str:  4    XL:     5   Next: 18%
Magic:  12/13      EV: 12    Int: 25    God:
Gold:   93         SH:  0    Dex: 13    Spells: 5/12 levels left

rFire   . . .      SeeInvis .   m - +1 short sword (venom)
rCold   . . .      Faith    .   (no shield)
rNeg    . . .      Spirit   .   a - +0 robe
rPois   .          Reflect  .   (no helmet)
rElec   .          Harm     .   (no cloak)
rCorr   .          Rampage  .   (no gloves)
Will    .....                   (no boots)
Stlth   ++........              (no amulet)
HPRegen 0.09/turn               (no ring)
MPRegen 0.13/turn               (no ring)

@: weak-willed
A: no striking features
a: no special abilities


You were on level 4 of the Dungeon.
You visited 1 branch of the dungeon, and saw 4 of its levels.

You collected 93 gold pieces.

Inventory:

Hand Weapons
 c - a +0 spear
 m - a +1 short sword of venom (weapon)
Armour
 a - a +0 robe (worn)
 h - a +0 buckler
Scrolls
 i - a scroll of acquirement
 p - a scroll of poison {unknown}
Potions
 b - 2 potions of magic
 e - a potion of flight
 f - 2 potions of lignification
 k - a potion of might {unknown}
 l - a potion of ambrosia {unknown}
 o - a potion of curing {unknown}


   Skills:
 - Level 3.0 Dodging
 - Level 3.0 Stealth
 * Level 4.2 Spellcasting
 * Level 5.0 Conjurations
 * Level 2.7 Hexes
 * Level 2.3 Translocations


You had 5 spell levels left.
You knew the following spells:

 Your Spells              Type           Power      Damage    Failure   Level
a - Magic Dart            Conj           100%       1d8       1%          1
b - Searing Ray           Conj           60%        2d6       1%          2
c - Fulminant Prism       Conj/Hex       12%        3d9       19%         4

Your spell library contained the following spells:

 Spells                   Type           Power      Damage    Failure   Level
 Dazzling Flash           Conj/Hex       48%        N/A       5%          3
 Ensorcelled Hibernation  Hex/Ice        24%        N/A       8%          2
 Passwall                 Tmut/Erth      4%         N/A       14%         2
 Iskenderun's Mystic Bla  Conj/Tloc      23%        2d6       19%         4
 Swiftness                Air            5%         N/A       26%         3
 Leda's Liquefaction      Hex/Erth       6%         N/A       45%         4
 Lee's Rapid Deconstruct  Erth           2%         3d6*      94%         5
 Statue Form              Tmut/Erth      3%         N/A       100%        6


Dungeon Overview and Level Annotations

Branches:
Dungeon (4/15)
 Temple: D:4-7

Altars:
Trog

Shops:
D:4 [*

Annotations:
D:1 dig to exit
D:2 1 runed translucent door, exclusion: door, Crazy Yiuf
D:4 exclusions: black bear and orc priest


Message History

The phantom attacks as you move away! The phantom hits you.
Your surroundings suddenly seem different. 4 orcs come into view.
Found a scroll of identify.
Found an escape hatch in the floor.
Unknown command.
This is a scroll of acquirement!
Unknown command.
The endoplasm quivers.
A hobgoblin comes into view.
The orc shouts!
You hear a shout!
An orc priest comes into view. It is wielding a +0 club.
The orc shouts!
You hear a shout!
An orc comes into view. It is wielding a +0 club.
An orc wizard comes into view. It is wielding a +0 dagger.
An orc comes into view. It is wielding a +0 morningstar.
The orc shouts!
An orc comes into view.
It is wielding a +0 club and quivering silver boomerangs.
The orc wizard shouts! x2; The orc shouts!
The orc wizard casts a spell at you. The puff of flame hits you!
The orc wizard mumbles some strange words.
The orc wizard flickers and vanishes!
Deactivating autopickup; reactivate with Ctrl-A.
The orc hits you with a +0 flail. The orc attacks as you move away!
The orc hits you with a +0 flail!
* * * LOW HITPOINT WARNING * * *
As you read the scroll labelled QOEKIOSUTT, it crumbles to dust.
Your body is wracked with pain!
* * * LOW HITPOINT WARNING * * *
The orc convulses! x3; The endoplasm convulses!
The orc convulses! x2
The orc wizard convulses!
Something is bathed in an unholy light!
It was a scroll of torment.
Unknown command.
As you read the scroll labelled FONLUO POIGHO, it crumbles to dust.
Magic quickly surges around you.
It was a scroll of vulnerability.
The orc barely misses you. The orc attacks as you move away!
The orc hits you with a +0 dagger.
* * * LOW HITPOINT WARNING * * *
The orc hits you with a +0 flail!
You die...

.#...#####.##....#....o....# #
..##...#...#.....#.........######
..##...#....................##..#
.∩...............###.............
..........##.....##..............
#....#....#......# #.o...........
.....#..........####o............
.........##.....#oo.........####.
......#.........@o.o........## ..
......#..........o#J.........##..
.....♣......#..###..........#...
....♣.♣....##..# #.......#......
...♣.#....####.......#.#....
.∩..♣...... #........##.....
...♣....#...#...........####
.♣....###......o.......#
..............#


You could see an orc wizard, 6 orcs and an endoplasm (weak-willed).

Vanquished Creatures
  A jelly (D:4)
  An iguana (D:4)
  4 gnolls (D:2)
  2 adders (D:2)
  A worm (D:2)
  A dart slug (D:2)
  5 ball pythons
  3 endoplasms (D:2)
  A giant cockroach (D:1)
  6 goblins
  2 hobgoblins (D:1)
  5 kobolds
  4 quokkas
  3 bats (D:2)
  2 frilled lizards (D:2)
  A rat (D:2)
42 creatures vanquished.

Notes
Turn   | Place    | Note
-------+----------+-------------------------------------------
     0 | D:1      | KamiKatze the Deep Elf Conjurer began the quest for the
                  | Orb.
     0 | D:1      | Reached XP level 1. HP: 10/10 MP: 6/6
   352 | D:1      | Found a faded altar of an unknown god.
   432 | D:1      | Reached XP level 2. HP: 14/15 MP: 5/8
   435 | D:1      | Learned a level 2 spell: Searing Ray
   608 | D:1      | Reached skill level 1 in Hexes
  1044 | D:2      | Reached skill level 1 in Translocations
  1097 | D:2      | Reached XP level 3. HP: 19/19 MP: 1/9
  1177 | D:2      | Reached XP level 4. HP: 24/24 MP: 0/11
  1243 | D:2      | Learned a level 4 spell: Fulminant Prism
  1408 | D:2      | Found a runed translucent door.
  1409 | D:2      | Noticed Crazy Yiuf
  1951 | D:3      | You fall into a shaft and drop 1 floor!
  1955 | D:4      | Found a bloodstained altar of Trog.
  1963 | D:4      | Noticed a black bear
  2118 | D:4      | Reached skill level 5 in Conjurations
  2164 | D:4      | Noticed a phantom
  2183 | D:4      | Reached XP level 5. HP: 28/28 MP: 7/13
  2186 | D:4      | Noticed an ogre
  2187 | D:4      | Found Gaek's General Store.
  2192 | D:4      | Found Ijosysi's Antique Armour Shoppe.
  2205 | D:4      | Identified a scroll of acquirement
  2223 | D:4      | Mangled by an orc

Illustrated notes

Levels and vault maps discovered:
D:1:      dpeg_arrival_circle_labyrinth_b, layout_loops_ring,
          hellmonk_ecumenical_altar_heavens_door
D:2:      layout_loops_cross, uniq_crazy_yiuf_cottage
D:3:      layout_rooms
D:4:      layout_cave_pools, lemuel_doored_altar, lemuel_tele_altar,
          serial_shops, shop, nicolae_diamond_shop, shop_scrolls,
          nicolae_lakefront_shop

Skill      XL: |  1  2  3  4 |
---------------+-------------+-----
Hexes          | 1 2 |  2.7
Translocations | 1 2 |  2.3
Stealth        | 3 |  3.0
Spellcasting   | 4 |  4.2
Conjurations   | 5 |  5.0
Dodging        | 3 |  3.0

Action                   |  1- 3 |  4- 6 || total
-------------------------+-------+-------++-------
Melee: Spear             |    11 |     6 ||    17
       Short sword       |       |     4 ||     4
 Cast: Magic Dart        |    30 |    27 ||    57
       Searing Ray       |     3 |     5 ||     8
  Use: Scroll            |     1 |     5 ||     6
 Stab: Sleeping          |     2 |     1 ||     3
Dodge: Dodged            |    11 |     9 ||    20
